 Dungeon Crawl Stone Soup version 0.24-a0-582-g4d4af81 (webtiles) character file.

Game seed: 11871021232560079823

7 Firecrotchwizard the Sneak (level 1, 0/9 HPs)
             Began as a Spriggan Enchanter on Aug 27, 2019.
             Slain by a leopard gecko (4 damage)
             ... on level 1 of the Dungeon.
             The game lasted 00:02:28 (490 turns).

Firecrotchwizard the Sneak (Spriggan Enchanter)      Turns: 490, Time: 00:02:29

Health: 0/9        AC:  3    Str:  4    XL:     1   Next: 91%
Magic:  5/5        EV: 18    Int: 16    God:
Gold:   0          SH:  0    Dex: 16    Spells: 4/5 levels left

rFire    . . .     SeeInvis +   a - +1 dagger
rCold    . . .     Gourm    .   (shield restricted)
rNeg     . . .     Faith    .   b - +1 robe
rPois    .         Spirit   .   (helmet restricted)
rElec    .         Reflect  .   (no cloak)
rCorr    .         Harm     .   (gloves unavailable)
MR       .....                  (boots unavailable)
Stlth    +++.......             (no amulet)
HPRegen  0.03/turn              (no ring)
MPRegen  0.09/turn              (no ring)

@: very quick
A: very small, unfitting armour, see invisible, herbivore, speed 3, slow
metabolism 2
a: no special abilities


You were on level 1 of the Dungeon.
You were not hungry.

You visited 1 branch of the dungeon, and saw 1 of its levels.

Inventory:

Hand Weapons
 a - a +1 dagger (weapon)
Armour
 b - a +1 robe (worn)
Jewellery
 f - an uncursed amulet of faith {unknown}
   (You found it on level 1 of the Dungeon)
Scrolls
 c - a scroll of teleportation {unknown}
 g - a scroll of enchant armour
Potions
 e - 2 potions of brilliance {unknown}
Comestibles
 d - 3 rations


   Skills:
 + Level 0.4 Fighting
 + Level 1.4 Short Blades
 - Level 3.0 Dodging
 - Level 4.4 Stealth
 + Level 2.9 Spellcasting
 + Level 3.8 Hexes


You had 4 spell levels left.
You knew the following spells:

 Your Spells              Type           Power        Failure   Level  Hunger
v - Corona                Hex            ##.....      4%          1    #......

Your spell library contained the following spells:

 Spells                   Type           Power        Failure   Level  Hunger
 Confuse                  Hex            ##......     12%         3    ###....
 Tukima's Dance           Hex            ##......     12%         3    ###....
 Ensorcelled Hibernation  Hex/Ice        #.....       13%         2    ##.....
 Dazzling Spray           Conj/Hex       #.....       26%         3    ###....


Dungeon Overview and Level Annotations

Branches:
Dungeon (1/15)

Altars:


Innate Abilities, Weirdness & Mutations

You are very small and have problems with some larger weapons.
You are too small for most types of armour.
You have supernaturally acute eyesight. (SInv)
You are a herbivore.
You cover ground extremely quickly.
You need to consume almost no food.


Message History

You kill the bat!
A goblin comes into view. It is wielding a +0 club.
The goblin shouts!
A rat comes into view.
Found a stone staircase leading down.
You see here a ration.
A kobold comes into view. It is wielding a +0 short sword.
A goblin comes into view. It is wielding a +0 club.
You don't know that spell.
Okay, then.
Aim: a goblin, wielding a +0 club (chance to defeat MR: 67%)
The goblin is outlined in light.
The goblin completely misses you.
You now have 4/5 mp.
You closely miss the goblin. The goblin hits you but does no damage.
You hit the goblin. You hit the goblin.
You kill the goblin!
You miss the goblin. The goblin misses you.
You hit the goblin. You hit the goblin. The goblin hits you with a +0 club!
Ouch! That really hurt!
* * * LOW HITPOINT WARNING * * *
You take 7 damage, and have 2/9 hp.
MASSIVE DAMAGE!!
You hit the goblin. The goblin barely misses you.
You hit the goblin.
You kill the goblin!
Things that are here:
a +0 club x2; a goblin corpse Sorry, you're a herbivore.
Sorry, you're a herbivore.
MP restored: 5 The rat closely misses you.
You barely miss the rat. The rat bites you.
* * * LOW HITPOINT WARNING * * *
You take 1 damage, and have 1/9 hp.
You hit the rat.
You kill the rat!
What are your orders? t - Shout!
Orders for allies: a - Attack new target. r - Retreat! s - Stop attacking. g - Guard the area. f - Follow me.
Anything else - Cancel.
You shout for attention!
You hear a shout!
You see here a bat corpse.
What are your orders? t - Shout!
Orders for allies: a - Attack new target. r - Retreat! s - Stop attacking. g - Guard the area. f - Follow me.
Anything else - Cancel.
You shout for attention!
What are your orders? t - Shout!
Orders for allies: a - Attack new target. r - Retreat! s - Stop attacking. g - Guard the area. f - Follow me.
Anything else - Cancel.
Okay, then.
You start resting.
Health restored: 9 You see here a spear.
A giant cockroach comes into view.
The giant cockroach bites you but does no damage.
You closely miss the giant cockroach. The giant cockroach bites you.
You take 1 damage, and have 8/9 hp.
You barely miss the giant cockroach. The giant cockroach bites you.
You take 1 damage, and have 7/9 hp.
You hit the giant cockroach. The giant cockroach barely misses you.
You hit the giant cockroach.
The giant cockroach completely misses you.
You hit the giant cockroach.
You kill the giant cockroach!
f - a runed zirconium amulet
As you read the scroll labeled ARINAH ILIKK, it crumbles to dust.
It is a scroll of enchant armour.
Your +0 robe glows green for a moment.
You start resting.
Health restored: 9
d - 3 rations (gained 1)
c - a scroll labeled UJIMAJ MYOMA
g - a scroll of enchant armour A kobold comes into view.
It is wielding a +0 whip.
A leopard gecko comes into view.
The leopard gecko hisses angrily.
The kobold shouts!
A bat comes into view.
A kobold comes into view.
You closely miss the kobold. The kobold completely misses you.
You hit the bat.
You kill the bat!
Okay, then.
You closely miss the kobold. The kobold hits you with a +0 whip.
Ouch! That really hurt!
You take 5 damage, and have 4/9 hp.
MASSIVE DAMAGE!!
You barely miss the kobold. The kobold hits you but does no damage.
You hit the kobold.
You kill the kobold!
The leopard gecko bites you.
You die...

#...#........#....#...
##...K...## #...#....
#.......# #..#....<
#.....#.##### ##..#....
#######.## #....#...
#...# #.##..### #..K#
#.###.... #..l# #.#
###.# #..@# #.# #..#
#...# #####.####.##
#...####.....รท....##
#.........##...#####
..............###.#####
.....................)..
...............###.#####
###.#>...###..###.......
#.#..............####.


You could see a leopard gecko and a kobold.

Vanquished Creatures
  A giant cockroach (D:1)
  2 goblins (D:1)
  2 bats (D:1)
  A kobold (D:1)
  A rat (D:1)
7 creatures vanquished.

Notes
Turn   | Place    | Note
-------+----------+-------------------------------------------
     0 | D:1      | Firecrotchwizard the Spriggan Enchanter began the quest for
                  | the Orb.
     0 | D:1      | Reached XP level 1. HP: 9/9 MP: 5/5
    69 | D:1      | HP: 2/9 [goblin/+0 club (7)]
    81 | D:1      | HP: 1/9 [rat (1)]
   490 | D:1      | Slain by a leopard gecko

Levels and vault maps discovered:
D:1:      scummos_arrival_hexagon, layout_loops_cross

Action                   || total
-------------------------++-------
Melee: Dagger            ||    25
 Cast: Corona            ||     1
  Use: Scroll            ||     1
Armor: Robe              ||     2
Dodge: Dodged            ||    10

Table legend:
 A = Non-vault XP
 B = Vault XP
 C = Vault XP percentage of total XP
 D = Non-vault monster count
 E = Vault monster count
 F = Vault count percentage of total count
                 A         B        C        D         E       F
            +---------+---------+-------+---------+---------+-------
      Total |      11 |       0 |   0.0 |       7 |       0 |   0.0
            +---------+---------+-------+---------+---------+-------
        D:1 |      11 |       0 |   0.0 |       7 |       0 |   0.0
            +---------+---------+-------+---------+---------+-------

Levels and vault maps discovered:
D:1:      scummos_arrival_hexagon, layout_loops_cross

Table legend:
 A = Turns spent in this place as a percentage of turns spent in the entire game.
 B = Non-inter-level travel turns spent in this place as a percentage of non-inter-level travel turns spent in the entire game.
 C = Inter-level travel turns spent in this place as a percentage of turns spent in this place.
 D = Turns resting spent in this place as a percentage of non-inter-level travel turns spent in this place.
 E = Turns spent auto-exploring this place as a percentage of non-inter-level travel turns spent in this place.
 F = Non-inter-level travel turns spent in this place divided by the number of levels of this place that you've seen.
                   A       B       C       D       E      F
               +-------+-------+-------+-------+-------+----------------------
         Total | 100.0 | 100.0 |   0.0 |  51.8 |  17.3 | 490.0
       Dungeon | 100.0 | 100.0 |   0.0 |  51.8 |  17.3 | 490.0
               +-------+-------+-------+-------+-------+----------------------

Table legend:
 A = Kills in this place as a percentage of kills in entire the game.
 B = Kills by you in this place as a percentage of kills by you in the entire game.
 C = Kills by friends in this place as a percentage of kills by friends in the entire game.
 D = Other kills in this place as a percentage of other kills in the entire game.
 E = Experience gained in this place as a percentage of experience gained in the entire game.
 F = Experience gained in this place divided by the number of levels of this place that you have seen.
                   A       B       C       D       E      F
               +-------+-------+-------+-------+-------+----------------------
         Total | 100.0 | 100.0 |   N/A |   N/A | 100.0 |  11.0
       Dungeon | 100.0 | 100.0 |   N/A |   N/A | 100.0 |  11.0
               +-------+-------+-------+-------+-------+----------------------
